 Dungeon Crawl Stone Soup version 0.28.0-55-gcd9437bce4 (webtiles) character file.

Game seed: 10440191495589101364

137 nerdsy the Covered (level 5, -4/49 HPs)
             Began as a Deep Dwarf Fighter on Jan 2, 2023.
             Slain by Sigmund
             ... wielding a +2 scythe of protection
              (8 damage)
             ... on level 3 of the Dungeon.
             The game lasted 00:05:24 (1491 turns).

nerdsy the Covered (Deep Dwarf Fighter)             Turns: 1491, Time: 00:05:24

Health: -4/49      AC:  7    Str: 21    XL:     5   Next: 0%
Magic:  0/5        EV:  9    Int:  9    God:
Gold:   135        SH:  0    Dex: 12    Spells: 4/4 levels left

rFire   . . .      SeeInvis .   a - +0 war axe
rCold   . . .      Faith    .   c - +0 buckler
rNeg    . . .      Spirit   +   b - +0 scale mail
rPois   .          Reflect  .   (no helmet)
rElec   .          Harm     .   (no cloak)
rCorr   .          Rampage  .   (no gloves)
Will    .....                   (no boots)
Stlth   ..........              q - amulet of guardian spirit
HPRegen 0.00/turn               (no ring)
MPRegen 0.09/turn               (no ring)

@: confused
A: damage resistance, heal wounds, sense surroundings 1, no regeneration
a: Heal Wounds


You were on level 3 of the Dungeon.
You visited 1 branch of the dungeon, and saw 3 of its levels.

You collected 135 gold pieces.

Inventory:

Hand Weapons
 a - a +0 war axe (weapon)
Missiles
 g - 81 stones
 j - 9 poisoned darts
 n - 30 bolts
 o - 22 arrows
Armour
 b - a +0 scale mail (worn)
 c - a +0 buckler (worn)
Jewellery
 q - an amulet of guardian spirit (around neck)
 t - a ring of see invisible
Scrolls
 k - a scroll of identify {unknown}
 l - a scroll of holy word {unknown}
 m - a scroll of vulnerability {unknown}
 p - 2 scrolls of teleportation {unknown}
Potions
 d - 3 potions of might
 e - a potion of brilliance
 f - a potion of cancellation {unknown}
 h - 2 potions of curing {unknown}
 i - a potion of resistance {unknown}
 r - a potion of magic {unknown}
 s - a potion of haste {unknown}
 u - a potion of heal wounds {unknown}


   Skills:
 + Level 3.3 Fighting
 + Level 4.1 Axes
 + Level 4.3 Armour
 + Level 0.5 Dodging
 + Level 3.5 Shields


You had 4 spell levels left.
You didn't know any spells.
Your spell library contained the following spells:

 Spells                   Type           Power      Damage    Failure   Level
 Sandblast                Erth           0%         2d4       80%         1
 Passwall                 Tmut/Erth      0%         N/A       91%         2
 Sublimation of Blood     Necr           0%         N/A       91%         2
 Stone Arrow              Conj/Erth      0%         3d7       99%         3
 Petrify                  Tmut/Erth      0%         N/A       100%        4
 Irradiate                Conj/Tmut      0%         3d14      100%        5


Dungeon Overview and Level Annotations

Branches:
Dungeon (3/15)

Altars:
Yredelemnul

Annotations:
D:3 Sigmund


Innate Abilities, Weirdness & Mutations

You are resistant to damage.
You can heal yourself by infusing magical energy.
You passively map a small area around you.
You do not regenerate.


Message History

Sigmund is moderately wounded.
Sigmund mumbles some strange words.
Sigmund flickers and vanishes!
Deactivating autopickup; reactivate with Ctrl-A.
You miss something. Something hits you but does no damage.
You barely miss something. Something hits you.
You miss something. Something hits you but does no damage.
You slash something! You miss something. Something hits you.
You miss something.
You hear the brisk rusting of a drain very nearby.
Something hits you!
You barely miss something. Something hits you but does no damage.
You barely miss something. Something hits you.
You miss something.
You hear some strange, mumbled words.
You are confused.
You bump into the rock wall.
Something hits you!
* * * LOW HITPOINT WARNING * * *
You are too confused!
You are too confused!
You are too confused!
You are too confused!
You are too confused!
You are too confused!
You are too confused!
You are too confused!
You are too confused!
You are too confused!
You are too confused!
Something hits you!
* * * LOW HITPOINT WARNING * * *
You completely miss something.
You hear some strange, mumbled words.
A magic dart appears from out of thin air!
The magic dart hits you but does no damage.
You are too confused!
You are too confused!
Something hits you!
You die...

, , ,...# , , *
*#... * ,,* *.?. ,
,, ###.., , * * ....
* * * #.. **
#.#######{# ,* *
##.........#* *
,.........@.# *
*#.######..##* ** **
* ##.#≈§≈≈#.## * ≈ ≈
∩ ##..#≈8.≈§.# *
*###* ** # *
#...#≈_>≈§.## ##.#
.. #...#≈≈§§#..#
#..#
#..###)#.######..##
#.##
#...>.#.......^..###
#.#
####..####.....#...#
#.#


There were no monsters in sight!

Vanquished Creatures
  Natasha (thrice) (D:2)
  3 adders
  A worm (D:2)
  3 ball pythons
  3 endoplasms
  6 goblins
  4 hobgoblins
  2 quokkas
  A bat (D:1)
  3 frilled lizards
  3 kobolds
  4 rats
36 creatures vanquished.

Notes
Turn   | Place    | Note
-------+----------+-------------------------------------------
     0 | D:1      | nerdsy the Deep Dwarf Fighter began the quest for the Orb.
     0 | D:1      | Reached XP level 1. HP: 20/20 MP: 1/1
   320 | D:1      | Reached XP level 2. HP: 24/27 MP: 2/2
   663 | D:2      | Found a faded altar of an unknown god.
   856 | D:2      | Reached XP level 3. HP: 34/34 MP: 3/3
   898 | D:2      | Noticed Natasha
   902 | D:2      | Killed Natasha
   918 | D:2      | Noticed Natasha
   928 | D:2      | Killed Natasha
   929 | D:2      | Reached XP level 4. HP: 19/42 MP: 4/4
   938 | D:2      | Noticed Natasha
   945 | D:2      | Killed Natasha
  1387 | D:3      | Reached XP level 5. HP: 33/49 MP: 0/5
  1462 | D:3      | Found a basalt altar of Yredelemnul.
  1468 | D:3      | Noticed Sigmund
  1491 | D:3      | Slain by Sigmund

Illustrated notes

Levels and vault maps discovered:
D:1:      shiori_shiawase, layout_basic
D:2:      layout_basic, hellmonk_ecumenical_altar_arch_garden, uniq_natasha
D:3:      layout_rooms, lightli_temple_of_fire, general_overflow_altar,
          portal_sewer_entry_d, uniq_sigmund

Skill      XL: |  1  2  3  4 |
---------------+-------------+-----
Fighting       | 3 |  3.3
Axes           | 3 4 |  4.1
Armour         | 4 |  4.3
Dodging        | |  0.5
Shields        | |  3.5

Action                   |  1- 3 |  4- 6 || total
-------------------------+-------+-------++-------
Melee: War axe           |    68 |    47 ||   115
 Abil: Heal Wounds       |     1 |     1 ||     2
Armor: Scale mail        |    23 |    22 ||    45
Dodge: Dodged            |    33 |    20 ||    53
Block: Buckler           |    13 |    10 ||    23
